 Dungeon Crawl Stone Soup version 0.28-a0-750-g7c675f85b1 (webtiles) character file.

Game seed: 14651606834175654107

4961 marklar909 the Basher (level 10, -4/80 HPs)
             Began as a Palentonga Warper on Oct 29, 2021.
             Was a Priest of Yredelemnul.
             Slain by a large abomination (17 damage)
             ... on level 2 of the Abyss.
             The game lasted 00:23:00 (11404 turns).

marklar909 the Basher (Palentonga Warper)          Turns: 11404, Time: 00:23:01

Health: -4/80      AC: 33    Str: 16    XL:     10   Next: 28%
Magic:  16/16      EV:  4    Int: 23    God:    Yredelemnul [***...]
Gold:   443        SH:  0    Dex: 17    Spells: 9/17 levels left

rFire   . . .      SeeInvis +   a - +6 morningstar "Arohois" {drain, Int+5}
rCold   . . .      Faith    .   (no shield)
rNeg    . . .      Spirit   .   y - +3 chain mail {rPois}
rPois   +          Reflect  .   c - +1 hat
rElec   +          Harm     .   (no cloak)
rCorr   .          Rampage  .   C - +0 pair of gloves
Will    +....      Clarity  +   g - +6 lightning scales {swift, rElec}
Stlth   ..........              F - amulet of the acrobat
HPRegen 0.23/turn               d - +6 ring of dexterity
MPRegen 0.15/turn               m - +6 ring of intelligence

@: curled up, quick
A: large, rugged brown scales 3, see invisible, deformed body, roll 1, armoured
tail, reflexive curl, clarity, deterioration 1, dopey 1, strong-willed 1, sense
surroundings 1, shaggy fur 1
a: Rolling Charge, Renounce Religion, Recall Undead Slaves, Injury Mirror,
Animate Dead


You were on level 2 of the Abyss.
You worshipped Yredelemnul.
Yredelemnul was most pleased with you.
You visited 1 branch of the dungeon, and saw 9 of its levels.
You visited the Abyss 1 time.

You collected 513 gold pieces.
You spent 70 gold pieces at shops.

Inventory:

Hand Weapons
 a - the +6 morningstar "Arohois" (weapon) {drain, Int+5}
   (You found it on level 4 of the Dungeon)

   A truly terrible weapon, it drains the life of any living foe it strikes.
   Int:       It affects your intelligence (+5).
 E - a +4 flail
Armour
 c - a +1 hat (worn)
 g - the +6 lightning scales (worn) {swift, rElec}
   (You acquired it on level 7 of the Dungeon)

   It allows the wearer to cover ground more swiftly.
   rElec:     It insulates you from electricity.
 y - a +3 chain mail of poison resistance (worn)
 C - a +0 pair of gloves (worn)
Jewellery
 d - a +6 ring of dexterity (left hand)
 m - a +6 ring of intelligence (right hand)
 q - an amulet of guardian spirit
 s - a ring of flight
 A - a +4 ring of evasion
 B - a ring of wizardry
 F - an amulet of the acrobat (around neck)
Scrolls
 f - 3 scrolls of fog
 i - a scroll of magic mapping
 l - a scroll of fear {unknown}
 p - a scroll of immolation {unknown}
 r - 6 scrolls of teleportation
 t - 2 scrolls of enchant weapon {unknown}
 u - a scroll of summoning {unknown}
 w - a scroll of brand weapon {unknown}
 x - a scroll of noise {unknown}
Potions
 b - 2 potions of curing
 e - a potion of magic {unknown}
 h - a potion of degeneration {unknown}
 j - 3 potions of attraction
 k - a potion of haste
 n - 2 potions of lignification
 o - 2 potions of might {unknown}
 v - 2 potions of flight
 z - a potion of resistance {unknown}
 D - a potion of mutation


   Skills:
 * Level 5.6 Fighting
 + Level 8.6 Maces & Flails
 + Level 0.6 Throwing
 * Level 5.4 Armour
 + Level 3.1 Dodging
 + Level 1.0 Stealth
 + Level 4.1 Spellcasting
 * Level 6.7 Translocations
 + Level 4.8 Invocations
 + Level 1.1 Evocations


You had 9 spell levels left.
You knew the following spells:

 Your Spells              Type           Power      Damage    Failure   Level
a - Blink                 Tloc           70%        N/A       14%         2
b - Gell's Gravitas       Tloc           17%        N/A       28%         3
c - Teleport Other        Tloc           35%        N/A       28%         3

Your spell library contained the following spells:

 Spells                   Type           Power      Damage    Failure   Level
 Lesser Beckoning         Tloc           35%        N/A       28%         3
 Shock                    Conj/Air       16%        1d4       83%         1
 Manifold Assault         Tloc           35%        N/A       95%         5
 Swiftness                Air            4%         N/A       99%         3
 Airstrike                Air            2%         N/A       100%        4
 Summon Forest            Summ/Tloc      10%        N/A       100%        5
 Dispersal                Tloc           17%        N/A       100%        6
 Eringya's Noxious Bog    Tmut/Pois      2%         N/A       100%        6
 Summon Hydra             Summ           2%         N/A       100%        7


Dungeon Overview and Level Annotations

Branches:
Dungeon (9/15)             Temple (0/1) D:6
   Lair: D:8-11         Orc: D:9-12

Altars:
Dithmenos
Elyvilon
Gozag
Kikubaaqudgha
Nemelex Xobeh
Qazlal
Trog
Vehumet
Yredelemnul
The Shining One

Shops:
D:6 *

Annotations:
D:9 Erolcha


Innate Abilities, Weirdness & Mutations

You are completely covered in rugged brown scales. (AC +3, +7% HP)
You have supernaturally acute eyesight. (SInv)
Armour fits poorly on your strangely shaped body.
You can roll at nearby foes to attack.
You have a long armoured tail.
You curl defensively after being hit.
You possess an exceptional clarity of mind.
Your body sometimes deteriorates upon taking damage.
You are dopey. (Int -2)
You are strong-willed. (Will+)
You passively map a small area around you.
You are covered in fur. (AC +1)


Message History

Okay, then.
Unknown command.
Really quaff the potion of mutation?
You feel extremely strange.
Your talons dull and shrink into feet.
You feel stable.
You feel yourself wasting away.
You feel strong-willed.
You feel a strange attunement to the structure of the dungeons.
The small abomination barely misses you.
You barely miss the small abomination. The large abomination hits you!!
The small abomination hits you but does no damage.
You closely miss the small abomination.
You tail-slap the small abomination, but do no damage.
The small abomination hits you. The large abomination hits you.
You closely miss the small abomination.
The small abomination hits you but does no damage.
The large abomination hits you but does no damage.
You sock the small abomination! You tail-slap the small abomination.
The small abomination is heavily damaged.
The small abomination hits you.
You sock the small abomination!
The small abomination is almost destroyed.
The small abomination hits you but does no damage.
The small abomination hits you!
You hit the small abomination.
You destroy the small abomination!
Yredelemnul accepts your kill.
You sock the large abomination! You tail-slap the large abomination!
The large abomination is moderately damaged.
The large abomination hits you!
* * * LOW HITPOINT WARNING * * *
Unknown command.
You feel better. The large abomination hits you!
* * * LOW HITPOINT WARNING * * *
Unknown command.
You feel better.
You barely miss the large abomination.
The large abomination is moderately damaged.
The large abomination hits you!
You die...
Your body rises from the dead as a mindless zombie.

. .. # . # ## .
# . # #. .# #
...# . .# .
#.#.## . # ...
#### ...# . .
.# #.#.#.# # #.
#
.#..##.#..##.#.
# ##...........
##.##...##.##
#@#...##.#
#....#X.....# #
##.#.##.....##
# #.#....###
#..#.#..#
#..####..# ..#
....# .#.
#....# # ...


You could see a large abomination.

Vanquished Creatures
  A two-headed ogre (D:8)
  A deep elf zephyrmancer (D:7)
  An ugly thing (D:8)
  A troll (D:9)
  A hornet (D:8)
  Prince Ribbit (D:6)
  A small abomination (Abyss:2)
  A neqoxec (Abyss:2)
  A water moccasin (D:7)
  Duvessa (D:5)
  2 sky beasts
  An orc warrior (D:7)
  2 centaurs
  3 kobold brigands
  A bullfrog (D:8)
  A wyvern zombie (D:7)
  A gnoll sergeant (D:9)
  Dowan (D:5)
  A wyvern skeleton (D:6)
  A water moccasin skeleton (D:6)
  3 killer bees (D:8)
  9 wights
  A bullfrog zombie (D:5)
  2 centaur zombies
  A gnoll shaman (D:6)
  5 hounds
  A jelly (D:7)
  3 orc priests
  3 centaur skeletons
  An iguana (D:6)
  3 orc wizards
  A hound skeleton (D:4)
  2 howler monkey zombies
  A howler monkey skeleton (D:7)
  8 adders
  10 gnolls
  An adder skeleton (D:4)
  2 worms
  22 orcs
  6 ball pythons
  4 bats
  6 endoplasms
  3 giant cockroaches
  A hobgoblin (D:4)
  3 quokkas
  A frilled lizard (D:3)
  2 goblins (D:2)
  16 kobolds
  2 rats
147 creatures vanquished.

Vanquished Creatures (collateral kills)
  A kobold brigand (D:6)
  A wight (D:7)
  A kobold (D:6)
3 creatures vanquished.

Vanquished Creatures (others)
  A gnoll zombie (D:6)
1 creature vanquished.

Grand Total: 151 creatures vanquished

Notes
Turn   | Place    | Note
-------+----------+-------------------------------------------
     0 | D:1      | marklar909 the Palentonga Warper began the quest for the
                  | Orb.
     0 | D:1      | Reached XP level 1. HP: 17/17 MP: 3/3
   259 | D:1      | Found a faded altar of an unknown god.
   623 | D:1      | Reached XP level 2. HP: 19/23 MP: 5/5
   743 | D:1      | Prayed at the altar of an unknown god.
   743 | D:1      | Became a worshipper of Yredelemnul the Dark
   743 | D:1      | Reached * piety under Yredelemnul
   895 | D:2      | Gained mutation: Your body sometimes deteriorates upon
                  | taking damage. [potion of mutation]
   895 | D:2      | Gained mutation: You are agile. (Dex +2) [potion of
                  | mutation]
   896 | D:2      | Lost mutation: Your body sometimes deteriorates upon taking
                  | damage. [potion of mutation]
   896 | D:2      | Lost mutation: You are agile. (Dex +2) [potion of mutation]
   896 | D:2      | Gained mutation: You possess an exceptional clarity of
                  | mind. [potion of mutation]
   896 | D:2      | Gained mutation: You have sharp toenails. [potion of
                  | mutation]
   896 | D:2      | Gained mutation: You are covered in fur. (AC +1) [potion of
                  | mutation]
  1048 | D:2      | Reached skill level 1 in Armour
  1048 | D:2      | Reached XP level 3. HP: 16/28 MP: 6/6
  1973 | D:2      | HP: 2/42 [orc (2)]
  2466 | D:2      | Learned a level 2 spell: Blink
  2818 | D:3      | Found a white marble altar of Elyvilon.
  2865 | D:3      | Reached XP level 4. HP: 35/35 MP: 7/7
  2870 | D:3      | Found a sparkling altar of Nemelex Xobeh.
  2955 | D:3      | Reached skill level 3 in Maces & Flails
  3403 | D:4      | Reached XP level 5. HP: 30/41 MP: 8/8
  3488 | D:4      | Reached ** piety under Yredelemnul
  3521 | D:4      | Identified the +6 morningstar "Arohois" {drain, Int+5}
  4086 | D:4      | Reached skill level 4 in Maces & Flails
  4158 | D:4      | Found an opulent altar of Gozag.
  4588 | D:4      | Reached XP level 6. HP: 49/49 MP: 9/9
  4592 | D:4      | Learned a level 3 spell: Gell's Gravitas
  4820 | D:5      | Entered Level 5 of the Dungeon
  5116 | D:5      | Noticed Duvessa
  5117 | D:5      | Noticed Dowan
  5128 | D:5      | Killed Duvessa
  5129 | D:5      | Reached skill level 5 in Maces & Flails
  5138 | D:5      | Killed Dowan
  5139 | D:5      | Gained mutation: You curl defensively after being hit.
                  | [Palentonga growth]
  5139 | D:5      | Reached XP level 7. HP: 32/55 MP: 2/10
  6348 | D:6      | Learned a level 3 spell: Teleport Other
  6492 | D:6      | Reached *** piety under Yredelemnul
  6649 | D:6      | Found a basalt altar of Yredelemnul.
  6938 | D:6      | Found a staircase to the Ecumenical Temple.
  7089 | D:6      | Reached skill level 1 in Invocations
  7089 | D:6      | Reached XP level 8. HP: 35/62 MP: 11/13
  7409 | D:6      | Found Geasm's Assorted Antiques.
  7421 | D:6      | Bought 2 inky potions for 45 gold pieces
  7421 | D:6      | Bought a scroll labelled BAGARA UPPYCSO for 25 gold pieces
  7591 | D:6      | Noticed Prince Ribbit
  7604 | D:6      | Killed Prince Ribbit
  7605 | D:6      | Reached skill level 6 in Maces & Flails
  7891 | D:7      | Reached skill level 5 in Translocations
  8445 | D:7      | Found a glowing golden altar of the Shining One.
  8519 | D:7      | Reached XP level 9. HP: 40/69 MP: 13/15
  8526 | D:7      | Identified 2 scrolls of acquirement
  8526 | D:7      | Acquired a +3 chain mail of poison resistance
  8543 | D:7      | Acquired the +6 lightning scales {swift, rElec}
  8543 | D:7      | Found the +6 lightning scales {swift, rElec}
  8766 | D:7      | Found a bloodstained altar of Trog.
  8847 | D:7      | Found a stormy altar of Qazlal.
  8868 | D:7      | Found an ancient bone altar of Kikubaaqudgha.
  9097 | D:7      | Noticed a deep elf zephyrmancer
  9103 | D:7      | Killed a deep elf zephyrmancer
  9104 | D:7      | Reached skill level 1 in Stealth
  9148 | D:7      | Found a radiant altar of Vehumet.
  9169 | D:7      | Reached skill level 7 in Maces & Flails
  9586 | D:8      | Noticed a two-headed ogre
 10083 | D:8      | Killed a two-headed ogre
 10084 | D:8      | Reached skill level 5 in Fighting
 10084 | D:8      | Reached skill level 5 in Armour
 10137 | D:8      | Noticed a white ugly thing
 10144 | D:8      | Killed a white ugly thing
 10145 | D:8      | Reached skill level 8 in Maces & Flails
 10145 | D:8      | Reached skill level 1 in Evocations
 10145 | D:8      | Reached XP level 10. HP: 53/79 MP: 10/16
 11279 | D:9      | Found a shadowy altar of Dithmenos.
 11285 | D:9      | Noticed Erolcha
 11292 | D:9      | Cast into level 2 of the Abyss (Erolcha)
 11369 | Abyss:2  | Gained mutation: You are dopey. (Int -2) [a neqoxec]
 11380 | Abyss:2  | Gained mutation: You are occasionally teleported next to
                  | monsters. [a neqoxec]
 11390 | Abyss:2  | Lost mutation: You have sharp toenails. [potion of
                  | mutation]
 11390 | Abyss:2  | Lost mutation: You are occasionally teleported next to
                  | monsters. [potion of mutation]
 11390 | Abyss:2  | Gained mutation: Your body sometimes deteriorates upon
                  | taking damage. [potion of mutation]
 11390 | Abyss:2  | Gained mutation: You are strong-willed. (Will+) [potion of
                  | mutation]
 11390 | Abyss:2  | Gained mutation: You passively map a small area around you.
                  | [potion of mutation]
 11402 | Abyss:2  | HP: 2/80 [large abomination (15)]
 11404 | Abyss:2  | Slain by a large abomination

Illustrated notes

Levels and vault maps discovered:
D:1:      erik_arrival_orb_chamber, layout_loops_cross,
          ebering_ecumenical_altar_mist, minmay_misc_feat_ornament
D:2:      layout_loops_ring, kennysheep_generic_room_13
D:3:      layout_rooms, nemelex_altar_shiori, elyvilon_altar_5
D:4:      layout_gridville, mainiacjoe_overflow_alcove_4, corexii_corridor_pit,
          kennysheep_nub
D:5:      layout_cave_pods, uniq_duvessa
D:6:      minmay_klotski, layout_loops_corners,
          mainiacjoe_overflow_surrounded_room, minmay_temple_entry_hall,
          serial_shops, kennysheep_little_box, uniq_grinder, uniq_prince_ribbit1
D:7:      layout_basic, tso_metal_star, vehumet_crystals,
          mainiacjoe_overflow_swirl, trog_three_pillars_becter,
          guppyfry_early_elven_hall
D:8:      layout_gridville
D:9:      layout_irregular_city, nicolae_uskayaw_dance_studio,
          nzn_hepliaklqana_mist_gate, nicolae_dithmenos_shadow_blocks,
          enter_bailey_5, gammafunk_ghost_necromancy, grunt_tough_drop,
          uniq_erolcha, uniq_pikel
Abyss:2:  base: D:4, hangedman_cross_veins

Skill      XL: |  1  2  3  4  5  6  7  8  9 |
---------------+----------------------------+-----
Armour         | 1 2 3 4 5 |  5.4
Maces & Flails | 3 4 5 6 8 |  8.6
Dodging        | 2 3 |  3.1
Translocations | 4 5 6 |  6.7
Fighting       | 3 4 5 |  5.6
Spellcasting   | 3 4 |  4.1
Invocations    | 1 3 4 |  4.8
Stealth        | 1 |  1.0
Evocations     | 1 |  1.1
Throwing       | |  0.6

Action                   |  1- 3 |  4- 6 |  7- 9 | 10-12 || total
-------------------------+-------+-------+-------+-------++-------
Melee: Mace              |    79 |       |       |       ||    79
       Flail             |    24 |    44 |       |       ||    68
       Kick              |    17 |    30 |    24 |       ||    71
       Tailslap          |     7 |    13 |    21 |    10 ||    51
       Morningstar       |       |    55 |   159 |    61 ||   275
Throw: Boomerang         |     5 |       |       |       ||     5
 Cast: Blink             |       |     1 |     1 |       ||     2
       Gell's Gravitas   |       |     5 |    22 |     5 ||    32
Invok: Animate Dead      |       |       |     2 |       ||     2
       Recall Undead Sla |       |       |     1 |       ||     1
       Injury Mirror     |       |       |     3 |       ||     3
       Animate Remains   |       |       |     1 |       ||     1
 Abil: Rolling Charge    |       |     1 |     6 |     1 ||     8
Evoke: Wand              |       |       |    10 |     4 ||    14
  Use: Potion            |     5 |     1 |     1 |     3 ||    10
       Scroll            |     3 |       |     5 |       ||     8
Armor: Leather armour    |    37 |       |       |       ||    37
       Skin              |    38 |       |       |       ||    38
       Ring mail         |    17 |    48 |    50 |       ||   115
       Chain mail        |       |       |    98 |    62 ||   160
Dodge: Dodged            |    60 |    52 |    95 |    23 ||   230

Table legend: (Time is in decaauts)
 A = Elapsed time spent in this place.
 B = Non-inter-level travel time spent in this place.
 C = Inter-level travel time spent in this place.
 D = Time resting spent in this place.
 E = Time spent auto-exploring this place.
 F = Levels seen in this place.
 G = Mean time per level.
                   A        B        C        D        E       F      G
               +--------+--------+--------+--------+--------+-----+--------+
         Total |  11305 |  10788 |    517 |   2018 |   7225 |  10 | 1130.5 |
       Dungeon |  11199 |  10682 |    517 |   2018 |   7225 |   9 | 1244.3 |
         Abyss |    105 |    105 |      0 |      0 |      0 |   1 |  105.0 |
               +--------+--------+--------+--------+--------+-----+--------+

Top non-repeatable levels by time:
     D:6: 1926 daAuts
     D:2: 1820 daAuts
     D:4: 1540 daAuts
     D:7: 1535 daAuts
     D:5: 1416 daAuts
     D:8: 1232 daAuts
     D:1: 753 daAuts
     D:3: 739 daAuts
     D:9: 234 daAuts
 Abyss:2: 105 daAuts
